 Dungeon Crawl Stone Soup version 0.23.0-3-gf3c87f2df8 (webtiles) character file.

Game seed: 13485389303505513346

271024 PentaManta the Slayer (level 21, -14/167 HPs)
             Began as a Formicid Fighter on Feb 21, 2019.
             Was the Champion of Okawaru.
             Demolished by a death ooze (16 damage)
             ... created by the Royal Jelly
             ... on level 4 of the Pits of Slime.
             The game lasted 04:16:49 (49775 turns).

PentaManta the Slayer (Formicid Fighter)           Turns: 49775, Time: 04:16:50

Health: -14/167    AC: 20    Str: 28    XL:     21   Next: 7%
Magic:  39/39      EV: 11    Int: 10    God:    Okawaru [******]
Gold:   1612       SH:  0    Dex: 13    Spells: 20/20 levels left

rFire    . . .     SeeInvis +   G - +6 dire flail (holy)
rCold    . . .     Gourm    .   l - +2 large shield {AC+3}
rNeg     + + .     Faith    .   k - +9 plate armour "Vaumysso" {rC- MR+ MP+9 Int+6}
rPois    +         Spirit   .   (helmet unavailable)
rElec    +         Reflect  .   s - scarf {rC+ rF+}
rCorr    +         Harm     .   E - +2 pair of gloves
MR       +++..                  t - +0 pair of boots "Waulin" {+Fly Dex+3 Slay+3}
Stlth    ..........             (no amulet)
HPRegen  0.37/turn              L - ring of Fecoabog {rPois rF- rN++ MP+9 Int-5}
MPRegen  0.26/turn              Y - ring "Viosot" {rCorr +Inv}

@: confused, heroism, corroded, studying 2 skills
A: permanent stasis, dig shafts and tunnels, four strong arms, antennae 3,
deformed body, dopey 1, frail 1, sense surroundings 1, electricity resistance,
MP-powered wands
}: 2/15 runes: decaying, gossamer
a: Dig, Shaft Self, Heroism, Finesse, Renounce Religion, Evoke Invisibility,
Evoke Flight


You were on level 4 of the Pits of Slime.
You worshipped Okawaru.
Okawaru was exalted by your worship.
You were not hungry.

You visited 7 branches of the dungeon, and saw 37 of its levels.
You also visited: Ice Cave.

You collected 3539 gold pieces.
You spent 1927 gold pieces at shops.

Inventory:

Hand Weapons
 b - the +10 morningstar "Dudaphaf" {freeze, Int+4}
   (Okawaru gifted it to you in an ice cave)

   It has been specially enchanted to freeze those struck by it, causing extra
   injury to most foes and up to half again as much damage against particularly
   susceptible opponents.
   It can also slow down cold-blooded creatures.
   It affects your intelligence (+4).
 G - a +6 dire flail of holy wrath (weapon)
 H - a +5 great mace of freezing
 R - a +1 antimagic flail
Missiles
 v - 21 javelins (quivered)
 x - 3 throwing nets
Armour
 h - the +6 scale mail "Oron" {rPois Str+3}
   (You found it on level 10 of the Dungeon)

   It affects your strength (+3).
   It protects you from poison.
 k - the +9 plate armour "Vaumysso" (worn) {rC- MR+ MP+9 Int+6}
   (You bought it in a shop on level 10 of the Dungeon)

   It affects your intelligence (+6).
   It makes you vulnerable to cold.
   It affects your resistance to hostile enchantments.
   It affects your magic capacity (+9).
 l - a +2 large shield of protection (worn)
 s - a scarf of resistance (worn)
 t - the +0 pair of boots "Waulin" (worn) {+Fly Dex+3 Slay+3}
   (Okawaru gifted it to you on level 2 of the Orcish Mines)

   It affects your dexterity (+3).
   It affects your accuracy and damage with ranged weapons and melee attacks
   (+3).
   It lets you fly.
 w - a scarf of repulsion
 y - the +2 cloak of Orthodoxy {rN+ MR+ Stlth+}
   (You found it on level 10 of the Dungeon)

   It protects you from negative energy.
   It affects your resistance to hostile enchantments.
   It makes you more stealthy.
 A - the +4 skin of Zhor {Hibernate rC+++ SInv}
   (You found it on level 10 of the Dungeon)

   It renders you almost immune to cold.
   It lets you see invisible.
 E - a +2 pair of gloves (worn)
Jewellery
 m - an uncursed ring of protection from cold
 p - an uncursed ring of protection from fire
 K - an uncursed ring of fire
 L - the ring of Fecoabog (left hand) {rPois rF- rN++ MP+9 Int-5}
   (You found it on level 4 of the Lair of Beasts)

   [ring of magical power]

   It affects your intelligence (-5).
   It makes you vulnerable to fire.
   It protects you from poison.
   It greatly protects you from negative energy.
   It affects your magic capacity (+9).
 M - an uncursed ring of ice
 Y - the ring "Viosot" (right hand) {rCorr +Inv}
   (You found it on level 4 of the Lair of Beasts)

   [ring of resist corrosion]

   It lets you turn invisible.
Wands
 a - a wand of iceblast (18)
 d - a wand of enslavement (1)
 n - a wand of acid (16)
 u - a wand of polymorph (8)
 O - a wand of scattershot (9)
 P - a wand of disintegration (14)
 V - a wand of digging (6)
 W - a wand of paralysis (4)
Scrolls
 g - 6 scrolls of identify
 i - 8 scrolls of remove curse
 o - 4 scrolls of fear
 q - 8 scrolls of magic mapping
 C - 4 scrolls of fog
 F - a scroll of summoning
Potions
 j - 2 potions of mutation
 B - 5 potions of invisibility
 D - a potion of magic
 I - 10 potions of curing
 J - a potion of resistance
 N - 5 potions of agility
 Q - 4 potions of flight
 T - a potion of cancellation
 U - 4 potions of ambrosia
Books
 r - a manual of Ice Magic
 z - a manual of Slings
Miscellaneous
 e - a lamp of fire
 Z - a sack of spiders
Comestibles
 f - 20 rations


   Skills:
 + Level 21.1(26.1) Fighting
 - Level 20.0(25.0) Maces & Flails
 * Level 16.3(21.3) Armour
 - Level 16.4(21.4) Shields


You had 20 spell levels left.
You didn't know any spells.
Your spell library contained the following spells:

 Spells                   Type           Power        Failure   Level  Hunger
 Animate Skeleton         Necr           N/A          83%         1    ##.....
 Beastly Appendage        Tmut           #.....       83%         1    ##.....
 Confusing Touch          Hex            #.....       83%         1    ##.....
 Corona                   Hex            #......      83%         1    ##.....
 Freeze                   Ice            #...         83%         1    ##.....
 Infusion                 Chrm           #...         83%         1    ##.....
 Magic Dart               Conj           #...         83%         1    ##.....
 Pain                     Necr           #...         83%         1    ##.....
 Sting                    Conj/Pois      #...         83%         1    ##.....
 Summon Small Mammal      Summ           #...         83%         1    ##.....
 Call Imp                 Summ           #.......     93%         2    ###....
 Ensorcelled Hibernation  Hex/Ice        #.....       93%         2    ###....
 Poisonous Vapours        Pois/Air       #.....       93%         2    ###....
 Searing Ray              Conj           #.....       93%         2    ###....
 Shroud of Golubria       Chrm/Tloc      #.........   93%         2    ###....
 Slow                     Hex            #.......     93%         2    ###....
 Song of Slaying          Chrm           #.......     93%         2    ###....
 Sticks to Snakes         Tmut           #.......     93%         2    ###....
 Throw Frost              Conj/Ice       #.....       93%         2    ###....
 Call Canine Familiar     Summ           #.......     99%         3    ####...
 Confuse                  Hex            #.......     99%         3    ####...
 Conjure Flame            Conj/Fire      #.......     99%         3    ####...
 Dazzling Spray           Conj/Hex       #.....       99%         3    ####...
 Gell's Gravitas          Tloc           #.........   99%         3    ####...
 Inner Flame              Hex/Fire       #.......     99%         3    ####...
 Mephitic Cloud           Conj/Pois/Air  #.......     99%         3    ####...
 Ozocubu's Armour         Chrm/Ice       #.......     99%         3    ####...
 Portal Projectile        Hex/Tloc       #.....       99%         3    ####...
 Recall                   Summ/Tloc      N/A          99%         3    ####...
 Regeneration             Chrm/Necr      #.........   99%         3    ####...
 Spectral Weapon          Hex/Chrm       #.......     99%         3    ####...
 Spider Form              Tmut/Pois      #.........   99%         3    ####...
 Summon Guardian Golem    Hex/Summ       #.......     99%         3    ####...
 Tukima's Dance           Hex            #.......     99%         3    ####...
 Vampiric Draining        Necr           #.........   99%         3    ####...
 Animate Dead             Necr           N/A          100%        4    #####..
 Cause Fear               Hex            #.........   100%        4    #####..
 Force Lance              Conj/Tloc      #.......     100%        4    #####..
 Fulminant Prism          Conj/Hex       #.........   100%        4    #####..
 Ice Form                 Ice/Tmut       #.......     100%        4    #####..
 Iskenderun's Mystic Bla  Conj           #.......     100%        4    #####..
 Leda's Liquefaction      Hex/Erth       #.........   100%        4    #####..
 Olgreb's Toxic Radiance  Pois           #.......     100%        4    #####..
 Petrify                  Tmut/Erth      #.......     100%        4    #####..
 Summon Ice Beast         Ice/Summ       #.......     100%        4    #####..
 Summon Lightning Spire   Summ/Air       #.......     100%        4    #####..
 Throw Icicle             Conj/Ice       #.......     100%        4    #####..
 Blade Hands              Tmut           #.........   100%        5    ######.
 Borgnjor's Vile Clutch   Necr/Erth      #.........   100%        5    ######.
 Irradiate                Conj/Tmut      #.........   100%        5    ######.
 Metabolic Englaciation   Hex/Ice        #.........   100%        5    ######.
 Venom Bolt               Conj/Pois      #.........   100%        5    ######.
 Yara's Violent Unravell  Hex/Tmut       #.........   100%        5    ######.
 Death Channel            Necr           #.........   100%        6    #######
 Hydra Form               Tmut           #.........   100%        6    #######
 Poison Arrow             Conj/Pois      #.........   100%        6    #######
 Simulacrum               Ice/Necr       #.........   100%        6    #######
 Statue Form              Tmut/Erth      #........    100%        6    #######
 Dragon Form              Tmut           #.........   100%        7    #######
 Chain Lightning          Conj/Air       #.........   100%        8    #######
 Lehudib's Crystal Spear  Conj/Erth      #.........   100%        8    #######
 Fire Storm               Conj/Fire      #.........   100%        9    #######
 Glaciate                 Conj/Ice       #.........   100%        9    #######
 Blink                    Tloc           Unusable     N/A         2    N/A

Dungeon Overview and Level Annotations

Branches:
Dungeon (15/15)            Temple (1/1) D:5            Lair (6/6) D:8
  Swamp (4/4) Lair:4       Spider (4/4) Lair:2        Slime (5/5) Lair:5
    Orc (2/2) D:9             Elf (0/3) Orc:2        Vaults (0/5) D:13
 Depths (0/5) D:15

Altars:
Ashenzari
Cheibriados
Dithmenos
Elyvilon
Fedhas
Gozag
Hepliaklqana
Kikubaaqudgha
Makhleb
Nemelex Xobeh
Okawaru
Qazlal
Ru
Sif Muna
Trog
Uskayaw
Vehumet
Wu Jian
Xom
Yredelemnul
Zin
The Shining One
Beogh
Jiyva

Shops:
D:4 (   D:10 [   D:11 =!=*(   Orc:2 *}?(

Portals:
Pandemonium: Orc:2

Annotations:
Slime:5 Royal Jelly


Innate Abilities, Weirdness & Mutations

You cannot be hasted, slowed, berserked, paralysed or teleported.
You can dig through walls and to a lower floor.
Your four strong arms can wield two-handed weapons with a shield.
You have a pair of large antennae on your head. (SInv)
Armour fits poorly on your strangely shaped body.
You are dopey. (Int -2)
You are frail. (-10% HP)
You passively map a small area around you.
You are resistant to electric shocks. (rElec)
You expend magic power (3 MP) to strengthen your wands.


Message History

The acid blob is almost dead.
You block the death ooze's attack. x2
You perforate the acid blob like a sieve!!!
You kill the acid blob!
That felt strangely unrewarding.
You block the azure jelly's attack.
The azure jelly hits you but does no damage.
The azure jelly hits you.
* * * LOW HITPOINT WARNING * * *
The azure jelly hits you but does no damage.
You block the death ooze's attack. The death ooze hits you.
* * * LOW HITPOINT WARNING * * *
You block the azure jelly's attack.
The azure jelly hits you but does no damage.
You block the azure jelly's attack.
The azure jelly hits you but does no damage.
You are confused.
You feel invigorated. The death ooze hits you!
* * * LOW HITPOINT WARNING * * *
The death ooze hits you!
You die...

## ############ #####
##.##...##..##.###.#.#####
#...............#.....#..#
##...............#........
###.#......>.....#.......
###.^............#.....#
##.#....JJ..............#
#...#...@..............#.
##.#.....................
#..........^.............
##.#.............#.#.....
# ####......#.##.###....#.
# ##.....##..#...###..#..
## #...........#.## #.....
.# ##......##..#### ##.##.
## ### ##..<..#######
*..###


You could see an azure jelly and a death ooze.

Vanquished Creatures
  Nikola (Spider:2)
  Jorgrun (Swamp:3)
  2 tentacled monstrosities
  Asterion (Spider:4)
  14 acid blobs
  4 thorn hunters
  Kirke (D:15)
  5 azure jellies
  Louise (D:14)
  6 emperor scorpions
  4 ghost moths
  The ghost of Kuerar the Basher, a journeyman BaFi of Cheibriados (Lair:4)
  A very ugly thing (Swamp:4)
  The ghost of cada the Brawler, a journeyman TrMo of Makhleb (Lair:6)
  An entropy weaver (Spider:3)
  Azrael (D:15)
  Josephine (D:14)
  2 green deaths (Swamp:4)
  An ettin (D:15)
  A death ooze (Slime:4)
  Erolcha (D:9)
  A fire dragon (Lair:6)
  5 great orbs of eyes
  Harold (D:9)
  8 vault guards (D:13)
  11 hydras
  2 ghost crabs
  A shambling mangrove (Swamp:3)
  7 centaur warriors
  A catoblepas (D:14)
  An ogre mage (D:15)
  7 alligators
  6 two-headed ogres
  A death knight (D:13)
  4 death yaks (Lair:4)
  A thrashing horror (Swamp:4)
  5 orc high priests (Orc:2)
  A deep elf knight (D:15)
  6 skeletal warriors
  A fire crab (shapeshifter) (D:13)
  3 glowing orange brains
  An infernal demonspawn (Orc:2)
  2 unseen horrors
  A torturous demonspawn (Orc:2)
  A gelid demonspawn (Orc:2)
  7 swamp dragons
  A spriggan druid (Swamp:4)
  4 orc knights (Orc:2)
  7 orc sorcerers
  A necromancer (IceCv)
  17 orb spiders
  26 wolf spiders
  A manticore (D:14)
  8 cyclopes
  13 ugly things
  4 oklob plants
  10 shining eyes
  3 elephants (Lair:6)
  A moth of wrath (Spider:3)
  A centaur zombie (D:14)
  12 black mambas
  3 eyes of devastation
  An ice statue (IceCv)
  A guardian serpent (Lair:6)
  A torpor snail (Lair:4)
  23 spiny frogs
  4 orange demons
  7 rime drakes
  A yaktaur (D:15)
  13 freezing wraiths
  2 ice devils (Orc:2)
  8 komodo dragons
  A kobold demonologist (D:11)
  10 trolls
  15 demonic crawlers
  33 jumping spiders
  3 meliai (D:14)
  2 tyrant leeches
  2 large abominations (Swamp:4)
  12 hornets
  A polar bear (Lair:4)
  5 dream sheep (Lair:2)
  8 hippogriffs
  146 slime creatures
  8 blink frogs
  17 bog bodies
  74 redbacks
  6 spriggans
  7 shadows
  23 yaks
  18 tarantellas
  6 wraiths
  A ynoxinul (Orc:2)
  5 hogs (D:15)
  13 wyverns
  4 fire elementals (D:15)
  5 basilisks
  2 chaos spawn (Orc:2)
  7 golden eyes
  A steam dragon (Lair:6)
  A hungry ghost (D:9)
  7 vampire mosquitoes
  A death yak simulacrum (IceCv)
  16 swamp worms
  11 insubstantial wisps (Swamp:1)
  2 wargs (Orc:2)
  2 acid dragons
  9 porcupines
  2 hell hounds (D:15)
  A floating eye (Slime:5)
  9 ice beasts
  21 water moccasins
  4 eyes of draining
  9 swamp drakes
  40 orc warriors
  2 phantoms
  6 sky beasts
  15 ogres
  2 necrophages
  6 wolves (Lair:2)
  13 centaurs
  13 big kobolds
  12 crocodiles
  A gnoll sergeant (D:12)
  17 bullfrogs
  8 scorpions
  10 killer bees
  8 wights
  4 electric eels
  5 howler monkeys
  3 crimson imps
  6 draconian simulacra (IceCv)
  8 hounds
  6 centaur skeletons
  30 orc priests
  15 jellies
  4 bullfrog skeletons
  Jessica (D:2)
  9 iguanas
  17 orc wizards
  A polar bear simulacrum (IceCv)
  A spriggan simulacrum (IceCv)
  8 worker ants
  3 troll simulacra (IceCv)
  2 wolf simulacra (IceCv)
  5 centaur simulacra (IceCv)
  A hound zombie (D:7)
  2 hound skeletons
  A howler monkey zombie (D:8)
  3 worker ant zombies
  5 gnolls
  5 naga simulacra (IceCv)
  27 adders
  4 shadow imps
  12 white imps (IceCv)
  12 oozes
  3 worms
  2 dart slugs
  5 leopard geckos
  76 orcs
  10 giant cockroaches
  14 goblins
  9 hobgoblins
  13 jackals
  5 quokkas
  2 ball pythons
  15 bats
  6 frilled lizards
  27 kobolds
  10 rats
  A plant (Lair:4)
1390 creatures vanquished.

Vanquished Creatures (collateral kills)
  A leopard gecko (D:7)
  A jackal (D:6)
2 creatures vanquished.

Vanquished Creatures (others)
  A ghost moth (Spider:4)
  A wolf spider (Spider:2)
  An orb spider (Spider:2)
  A jumping spider (Spider:2)
  A tyrant leech (Swamp:2)
  An orc priest (D:9)
  A briar patch (Swamp:4)
  14 fungi
  9 plants
30 creatures vanquished.

Grand Total: 1422 creatures vanquished

Notes
Turn   | Place    | Note
-------+----------+-------------------------------------------
     0 | D:1      | PentaManta the Formicid Fighter began the quest for the
                  | Orb.
     0 | D:1      | Reached XP level 1. HP: 18/18 MP: 1/1
   144 | D:1      | Reached XP level 2. HP: 20/24 MP: 2/2
   270 | D:1      | Reached XP level 3. HP: 20/29 MP: 3/3
   595 | D:1      | Reached XP level 4. HP: 37/37 MP: 4/4
  1026 | D:2      | Noticed Jessica
  1027 | D:2      | Killed Jessica
  1027 | D:2      | Reached skill level 4 in Fighting
  1027 | D:2      | Reached skill level 5 in Shields
  1084 | D:2      | Reached XP level 5. HP: 30/42 MP: 5/5
  1980 | D:3      | Reached XP level 6. HP: 49/49 MP: 6/6
  2766 | D:4      | Noticed an ogre
  2887 | D:4      | HP: 1/50 [crocodile (3)]
  2888 | D:4      | Reached skill level 5 in Fighting
  2888 | D:4      | Reached XP level 7. HP: 1/56 MP: 7/7
  3425 | D:4      | Found a shattered altar of Ashenzari.
  3478 | D:5      | Entered Level 5 of the Dungeon
  3752 | D:4      | Reached XP level 8. HP: 43/64 MP: 8/8
  3866 | D:4      | Found Miko's Weapon Shoppe.
  4248 | D:5      | Found a staircase to the Ecumenical Temple.
  4261 | Temple   | Entered the Ecumenical Temple
  4540 | Temple   | Became a worshipper of Warmaster Okawaru
  4621 | D:5      | Reached skill level 6 in Fighting
  4637 | D:5      | Reached skill level 5 in Maces & Flails
  5350 | D:5      | Found a stormy altar of Qazlal.
  5785 | D:6      | Noticed a wraith
  5854 | D:6      | Killed a wraith
  5854 | D:6      | Reached * piety under Okawaru
  6096 | D:6      | Reached XP level 9. HP: 62/71 MP: 9/9
  6393 | D:6      | Found an ornate altar of the Wu Jian Council.
  6436 | D:6      | Reached skill level 7 in Fighting
  6588 | D:6      | Found a bloodstained altar of Trog.
  6592 | D:6      | Found a basalt altar of Yredelemnul.
  6592 | D:6      | Found a hide-covered altar of Uskayaw.
  6603 | D:6      | Found a radiant altar of Vehumet.
  6607 | D:6      | Found an ancient bone altar of Kikubaaqudgha.
  6661 | D:6      | Found a deep blue altar of Sif Muna.
  6680 | D:6      | Found a sparkling altar of Nemelex Xobeh.
  6994 | D:7      | Reached ** piety under Okawaru
  7199 | D:7      | Noticed a cyan ugly thing
  7214 | D:6      | You fall through a shaft!
  7221 | D:7      | Gained mutation: You passively map a small area around you.
                  | [potion of mutation]
  7221 | D:7      | Gained mutation: You are resistant to electric shocks.
                  | (rElec) [potion of mutation]
  7221 | D:7      | Gained mutation: You are robust. (+10% HP) [potion of
                  | mutation]
  7221 | D:7      | Gained mutation: You expend magic power (3 MP) to
                  | strengthen your wands. [potion of mutation]
  7351 | D:8      | Noticed a hippogriff
  7435 | D:8      | You fall through a shaft for 3 floors!
  7813 | D:11     | Noticed a two-headed ogre
  7826 | D:10     | Entered Level 10 of the Dungeon
  8089 | D:10     | Reached skill level 8 in Fighting
  8300 | D:10     | Got a brightly glowing scale mail
  8312 | D:10     | Identified the +6 scale mail "Oron" {rPois Str+3} (You
                  | found it on level 10 of the Dungeon)
  8315 | D:10     | Found the +4 skin of Zhor {Hibernate rC+++ SInv}
  8316 | D:10     | Noticed a slime creature
  8316 | D:10     | Noticed a slime creature
  8347 | D:11     | Noticed a troll
  8356 | D:10     | Killed a slime creature
  8366 | D:10     | Killed a slime creature
  8366 | D:10     | Reached XP level 10. HP: 55/90 MP: 8/10
  8954 | D:10     | Reached skill level 9 in Fighting
  9108 | D:10     | Reached *** piety under Okawaru
  9108 | D:10     | Reached skill level 10 in Maces & Flails
  9466 | D:10     | Noticed a two-headed ogre
  9557 | D:11     | Found Bomoc's Jewellery Boutique.
  9595 | D:11     | Reached **** piety under Okawaru
  9620 | D:11     | Reached skill level 10 in Fighting
  9620 | D:11     | Reached XP level 11. HP: 26/99 MP: 11/11
  9912 | D:11     | Found Xoyrasylu's Distillery.
  9916 | D:11     | Bought 2 potions of heal wounds for 120 gold pieces
  9916 | D:11     | Bought a potion of heal wounds for 60 gold pieces
  9916 | D:11     | Bought 2 potions of curing for 72 gold pieces
  9916 | D:11     | Bought a potion of heal wounds for 60 gold pieces
  9916 | D:11     | Bought a potion of heal wounds for 60 gold pieces
 10062 | D:11     | You fall through a shaft for 2 floors!
 10267 | D:10     | Found Reegae's Antique Armour Shop.
 10345 | D:10     | Got an encrusted cloak
 10356 | D:10     | Identified the +2 cloak of Orthodoxy {rN+ MR+ Stlth+} (You
                  | found it on level 10 of the Dungeon)
 10729 | D:10     | Killed a two-headed ogre
 11162 | D:11     | Reached ***** piety under Okawaru
 11182 | D:11     | Bought a +1 ring of protection for 36 gold pieces
 11280 | D:11     | Killed a two-headed ogre
 11464 | D:11     | Found Doxzeyl's Jewellery Shop.
 11534 | D:11     | Found Jaaw's Weapon Boutique.
 11537 | D:11     | Found Xuir's Assorted Antiques.
 11550 | D:11     | Bought a +2 dire flail of holy wrath for 211 gold pieces
 11558 | D:11     | Bought a scroll labeled BOIWKA DASCH for 30 gold pieces
 11558 | D:11     | Bought a scroll labeled LIGUPAURON for 30 gold pieces
 11727 | D:10     | Reached skill level 11 in Fighting
 11842 | D:9      | Got an ichor-stained chain mail
 11868 | D:9      | Identified the cursed +0 chain mail of Qucudghi {-Cast
                  | Str+6 Dex+2} (You found it on level 9 of the Dungeon)
 11896 | D:9      | Reached skill level 10 in Armour
 11896 | D:9      | Reached XP level 12. HP: 110/110 MP: 12/12
 12242 | D:9      | Found a staircase to the Orcish Mines.
 12409 | Orc:1    | Entered Level 1 of the Orcish Mines
 12469 | D:9      | Noticed Harold
 12487 | D:9      | Killed Harold
 12487 | D:9      | Received a gift from Okawaru
 12654 | D:9      | Received a gift from Okawaru
 12679 | D:9      | Noticed Erolcha
 12699 | D:9      | Killed Erolcha
 12834 | D:9      | Reached XP level 13. HP: 116/116 MP: 13/13
 13773 | D:8      | Found a staircase to the Lair.
 13978 | D:7      | Found a shadowy altar of Dithmenos.
 14256 | D:7      | Reached skill level 12 in Fighting
 14924 | D:5      | You fall through a shaft for 2 floors!
 14989 | Lair:1   | Entered Level 1 of the Lair of Beasts
 15174 | Lair:1   | Found a frozen archway.
 15190 | IceCv    | Entered an ice cave
 15609 | IceCv    | Received a gift from Okawaru
 15609 | IceCv    | Reached skill level 13 in Fighting
 15629 | IceCv    | Got a transparent morningstar {god gift}
 15635 | IceCv    | Identified the +10 morningstar "Dudaphaf" {freeze, Int+4}
                  | (Okawaru gifted it to you in an ice cave)
 16474 | IceCv    | Found an ancient bone altar of Kikubaaqudgha.
 17520 | Lair:1   | Reached skill level 14 in Fighting
 18422 | Lair:2   | Found a hole to the Spider Nest.
 18602 | Lair:2   | Reached XP level 14. HP: 52/133 MP: 12/14
 18619 | Lair:2   | Received a gift from Okawaru
 18627 | Lair:2   | Got a twisted cloak {god gift}
 18916 | Lair:2   | Identified the +0 cloak of Bedevilment {*Slow Dex+5}
                  | (Okawaru gifted it to you on level 2 of the Lair of Beasts)
 20041 | Lair:4   | Got a pitted silver ring
 20042 | Lair:4   | Identified the ring of Fecoabog {rPois rF- rN++ MP+9 Int-5}
                  | (You found it on level 4 of the Lair of Beasts)
 20052 | Lair:4   | Found a runed translucent gate.
 20052 | Lair:4   | Found a runed translucent gate.
 20058 | Lair:4   | Found a runed translucent gate.
 20061 | Lair:4   | Found a viscous altar of Jiyva.
 20061 | Lair:4   | Noticed Kuerar's ghost (journeyman BaFi)
 20358 | Lair:4   | Reached skill level 10 in Shields
 20413 | Lair:4   | Reached skill level 15 in Maces & Flails
 20644 | Lair:4   | Reached skill level 15 in Fighting
 20768 | Lair:4   | Found a staircase to the Swamp.
 21347 | Lair:5   | Found a hide-covered altar of Uskayaw.
 21492 | Lair:5   | Received a gift from Okawaru
 21552 | Lair:5   | Found a staircase to the Slime Pits.
 21787 | Slime:1  | Entered Level 1 of the Pits of Slime
 21787 | Slime:1  | Noticed an acid blob
 22141 | Lair:6   | Entered Level 6 of the Lair of Beasts
 22395 | Lair:6   | Reached XP level 15. HP: 111/141 MP: 15/15
 22519 | Lair:6   | Got a bloodstained robe
 22521 | Lair:6   | Identified the +2 robe of Moral Flaws {Regen+ Dex+3} (You
                  | found it on level 6 of the Lair of Beasts)
 22955 | Lair:6   | Received a gift from Okawaru
 23761 | Lair:6   | Found a large runed translucent door.
 23762 | Lair:6   | Noticed cada's ghost (journeyman TrMo)
 23763 | Lair:6   | Found a large runed translucent door.
 23794 | Lair:6   | Killed cada's ghost
 23895 | Lair:6   | Found a deep blue altar of Sif Muna.
 24141 | Lair:4   | Killed Kuerar's ghost
 24175 | Lair:4   | Got a heavily runed turquoise ring
 24178 | Lair:4   | Identified the ring "Viosot" {rCorr +Inv} (You found it on
                  | level 4 of the Lair of Beasts)
 24397 | D:10     | Bought a faintly glowing plate armour for 896 gold pieces
 24397 | D:10     | Bought a pair of embroidered gloves for 240 gold pieces
 24410 | D:10     | Identified the +9 plate armour "Vaumysso" {rC- MR+ MP+9
                  | Int+6} (You bought it in a shop on level 10 of the Dungeon)
 24652 | Orc:1    | Found a roughly hewn altar of Beogh.
 24840 | Orc:2    | Entered Level 2 of the Orcish Mines
 25102 | Orc:2    | Found a staircase to the Elven Halls.
 25407 | Orc:2    | Found Ziapom's General Store.
 25422 | Orc:2    | Found Pueb's Magic Scroll Shop.
 25555 | Orc:2    | Bought a scroll of enchant weapon for 112 gold pieces
 25811 | Orc:2    | Received a gift from Okawaru
 25856 | Orc:2    | Got a pair of crude boots {god gift}
 26430 | Orc:2    | Reached XP level 16. HP: 137/151 MP: 16/16
 26446 | Orc:2    | Reached ****** piety under Okawaru
 26497 | Orc:2    | Reached skill level 16 in Fighting
 26510 | Orc:2    | Found Asuw's Gadget Emporium.
 26510 | Orc:2    | Found Begebruf's Antique Weapon Shoppe.
 26510 | Orc:2    | Found a one-way gate leading to the halls of Pandemonium.
 26739 | Orc:2    | Found a roughly hewn altar of Beogh.
 27070 | Orc:2    | Identified the +0 pair of boots "Waulin" {+Fly Dex+3
                  | Slay+3} (Okawaru gifted it to you on level 2 of the Orcish
                  | Mines)
 27868 | D:13     | Found a gate to the Vaults.
 28252 | D:13     | Received a gift from Okawaru
 29059 | D:14     | Noticed Josephine
 29067 | D:14     | Killed Josephine
 29075 | D:14     | Reached skill level 15 in Shields
 29509 | D:14     | Received a gift from Okawaru
 29510 | D:14     | Found the +7 Kryia's mail coat {PotionHeal*2 rC+}
 29781 | D:14     | Noticed Louise
 29816 | D:14     | Killed Louise
 30053 | D:15     | Entered Level 15 of the Dungeon
 30100 | D:15     | Reached XP level 17. HP: 158/159 MP: 8/17
 30317 | D:15     | Found a staircase to the Depths.
 30395 | D:15     | Noticed Azrael
 30404 | D:15     | Killed Azrael
 30493 | D:15     | Noticed Kirke
 30531 | D:15     | Killed Kirke
 31078 | Swamp:1  | Entered Level 1 of the Swamp
 32187 | Swamp:2  | Reached skill level 17 in Fighting
 32315 | Swamp:2  | Received a gift from Okawaru
 32682 | Swamp:2  | Got a shimmering rapier
 32683 | Swamp:2  | Identified the +7 rapier of Instant Death {freeze, *Noise
                  | rF+ rN++ Int+2} (You found it on level 2 of the Swamp)
 33388 | Swamp:3  | Noticed a thorn hunter
 33402 | Swamp:3  | Killed a thorn hunter
 33880 | Swamp:3  | Noticed a tentacled monstrosity
 33893 | Swamp:3  | Killed a tentacled monstrosity
 33920 | Swamp:3  | Identified a scroll of acquirement
 33923 | Swamp:3  | Got a glittering wooden ring
 33925 | Swamp:3  | Identified the ring "Yfein" {+Fly rPois Str+2 Dex-3} (You
                  | acquired it on level 3 of the Swamp)
 34033 | Swamp:3  | Noticed Jorgrun
 34045 | Swamp:3  | Killed Jorgrun
 34045 | Swamp:3  | Reached XP level 18. HP: 98/170 MP: 18/18
 34570 | Swamp:4  | Entered Level 4 of the Swamp
 34854 | Swamp:4  | Received a gift from Okawaru
 36533 | Swamp:4  | Reached skill level 18 in Fighting
 36544 | Swamp:4  | Noticed a tentacled monstrosity
 36550 | Swamp:4  | Killed a tentacled monstrosity
 37048 | Swamp:4  | Got a decaying rune of Zot
 37389 | Spider:1 | Entered Level 1 of the Spider Nest
 38444 | Spider:1 | Received a gift from Okawaru
 38657 | Spider:1 | Reached skill level 19 in Fighting
 39032 | Spider:2 | Noticed Nikola
 39064 | Spider:2 | Killed Nikola
 39064 | Spider:2 | Reached XP level 19. HP: 63/182 MP: 19/19
 40548 | Spider:4 | Entered Level 4 of the Spider Nest
 40550 | Spider:4 | Noticed Asterion
 40575 | Spider:4 | Killed Asterion
 40872 | Spider:3 | Received a gift from Okawaru
 41790 | Spider:3 | Received a gift from Okawaru
 42075 | Spider:3 | Reached skill level 20 in Fighting
 42440 | Spider:4 | Got a gossamer rune of Zot
 42902 | Lair:5   | Reached XP level 20. HP: 75/193 MP: 20/20
 43283 | Lair:5   | Received a gift from Okawaru
 46371 | Slime:4  | Lost mutation: You are robust. (+10% HP) [a shining eye]
 46495 | Slime:4  | Reached skill level 15 in Armour
 46509 | Slime:4  | Gained mutation: You are frail. (-10% HP) [a shining eye]
 46991 | Slime:3  | Gained mutation: You are dopey. (Int -2) [a shining eye]
 47696 | Slime:3  | Received a gift from Okawaru
 47873 | Slime:5  | Entered Level 5 of the Pits of Slime
 48360 | Slime:5  | Gained mutation: Armour fits poorly on your strangely
                  | shaped body. [a shining eye]
 48733 | Slime:5  | Reached skill level 21 in Fighting
 48892 | Slime:5  | Found a viscous altar of Jiyva.
 48892 | Slime:5  | Noticed the Royal Jelly
 49288 | Slime:5  | Reached XP level 21. HP: 167/167 MP: 21/21
 49774 | Slime:4  | HP: 6/167 [death ooze[the Royal Jelly] (6)]
 49775 | Slime:4  | HP: 2/167 [death ooze[the Royal Jelly] (10)]
 49775 | Slime:4  | Demolished by a death ooze

Skill      XL: |  1  2  3  4  5  6  7  8  9 10 11 12 13 14 15 16 17 18 19 20 |
---------------+-------------------------------------------------------------+-----
Shields        | 4 5 6 8 9 11 13 15 16 | 16.4
Fighting       | 4 5 6 8 10 11 14 15 16 17 19 20 21 | 21.1
Maces & Flails | 3 4 6 9 11 12 13 14 15 16 17 19 20 | 20.0
Armour         | 10 13 16 | 16.3

Action                   |  1- 3 |  4- 6 |  7- 9 | 10-12 | 13-15 | 16-18 | 19-21 || total
-------------------------+-------+-------+-------+-------+-------+-------+-------++-------
Melee: Flail             |    86 |   221 |   390 |   245 |       |    32 |       ||   974
       Dire flail        |       |       |       |   249 |   295 |   167 |    21 ||   732
       Whip              |       |       |       |    16 |   359 |       |       ||   375
       Morningstar       |       |       |       |       |   841 |   630 |       ||  1471
       Great mace        |       |       |       |       |   108 |   475 |  1000 ||  1583
Throw: Tomahawk          |       |     1 |     3 |       |       |       |       ||     4
       Javelin           |       |       |     7 |    16 |    18 |     3 |    36 ||    80
       Throwing net      |       |       |       |     1 |       |       |       ||     1
Invok: Heroism           |       |       |     5 |    14 |    16 |     3 |     4 ||    42
       Finesse           |       |       |       |       |    10 |       |     1 ||    11
 Abil: Dig               |       |       |     2 |       |       |       |       ||     2
       Shaft Self        |       |       |     1 |       |       |       |       ||     1
       Evoke Flight      |       |       |       |       |       |       |     1 ||     1
Evoke: Wand              |       |       |    11 |       |     2 |     9 |    17 ||    39
  Use: Scroll            |       |     5 |     4 |     6 |    15 |    12 |     3 ||    45
       Potion            |       |     1 |    14 |     2 |    15 |     2 |     2 ||    36
 Stab: Held in net/web   |       |       |       |     1 |       |       |       ||     1
       Distracted        |       |       |       |       |     2 |     1 |       ||     3
       Confused          |       |       |       |       |     2 |       |       ||     2
  Eat: Chunk             |       |     6 |     2 |     8 |    19 |    17 |     3 ||    55
       Ration            |       |       |     5 |     2 |     7 |     7 |    10 ||    31
Armor: Scale mail        |    37 |   102 |   109 |    56 |   327 |       |       ||   631
       Plate armour      |       |       |       |    71 |   113 |   457 |   498 ||  1139
       Animal skin       |       |       |       |       |    10 |       |       ||    10
       Skin              |       |       |       |       |     2 |       |       ||     2
       Chain mail        |       |       |       |       |       |     1 |       ||     1
Dodge: Dodged            |    25 |   106 |   146 |    86 |   356 |   190 |   186 ||  1095
       Deflected         |       |       |       |     3 |     2 |       |       ||     5
Block: Shield            |    39 |       |   141 |   241 |   710 |   180 |       ||  1311
       Buckler           |     7 |    43 |    47 |       |       |       |       ||    97
       Large shield      |       |       |       |       |       |   943 |  1308 ||  2251
